 Dungeon Crawl Stone Soup version 0.27.1-34-g3ba077fa99 (webtiles) character file.

Game seed: 17736495685643427124

5 cbfl8 the Sneak (level 1, -4/20 HPs)
             Began as a Minotaur Delver on Jan 17, 2022.
             Slain by an ogre (6 damage)
             ... on level 3 of the Dungeon.
             The game lasted 00:02:01 (975 turns).

cbfl8 the Sneak (Minotaur Delver)                    Turns: 975, Time: 00:02:01

Health: -4/20      AC:  5    Str: 16    XL:     1   Next: 66%
Magic:  0/0        EV: 11    Int:  7    God:
Gold:   28         SH:  0    Dex: 11    Spells: 0/0 levels left

rFire    . . .     SeeInvis .   a - +0 hand axe
rCold    . . .     Faith    .   (no shield)
rNeg     . . .     Spirit   .   i - +0 ring mail
rPois    .         Reflect  .   (helmet restricted)
rElec    .         Harm     .   (no cloak)
rCorr    .         Rampage  .   (no gloves)
Will     .....                  (no boots)
Stlth    ++........             (no amulet)
HPRegen  0.06/turn              (no ring)
MPRegen  0.07/turn              (no ring)

@: no status effects
A: horns 2, retaliatory headbutt
a: no special abilities


You were on level 3 of the Dungeon.
You visited 1 branch of the dungeon, and saw 3 of its levels.

You collected 28 gold pieces.

Inventory:

Hand Weapons
 a - a +0 hand axe (weapon)
Armour
 b - a +0 leather armour
 i - a +0 ring mail (worn)
Wands
 g - a wand of digging (3)
Scrolls
 c - a scroll of fog
 e - a scroll of fear
 j - a scroll of identify {unknown}
Potions
 d - a potion of brilliance {unknown}
 f - a potion of haste
 h - a potion of might {unknown}


   Skills:
 + Level 3.7 Fighting
 + Level 2.4 Axes
 + Level 2.2 Dodging
 + Level 4.3 Stealth


You couldn't memorise any spells.
You didn't know any spells.
Your spell library was empty.

Dungeon Overview and Level Annotations

Branches:
Dungeon (5/15)
 Temple: D:4-7

Altars:


Innate Abilities, Weirdness & Mutations

You have a pair of horns on your head.
You reflexively headbutt those who attack you in melee.


Message History

There is a stone staircase leading up here.
Unknown command.
There are no items here.
Unknown command.
You climb upwards.
You hear the sound of rushing water.
There is an entrance to a sewer on this level.
Hurry and find it before the portal rusts away!
Found a long sword and a scroll labelled GEEFYL PESCH.
There is a stone staircase leading down here.
Found an escape hatch in the floor.
A quokka comes into view.
You see here a scroll labelled GEEFYL PESCH.
j - a scroll labelled GEEFYL PESCH The quokka barely misses you.
You hit the quokka.
You kill the quokka!
Unknown command.
Unknown command.
Found a chain mail.
You see here a +0 chain mail.
As you read the scroll of magic mapping, it crumbles to dust.
You feel aware of your surroundings.
You sensed 1 altar, and 1 shop/portal.
An ogre comes into view. It is wielding a +0 giant club.
The ogre shouts!
A hobgoblin comes into view.
Found a sapphire potion.
You hear the slow rusting of a drain nearby.
You see here a sapphire potion.
d - a sapphire potion The ogre closely misses you.
You hit the ogre. You headbutt the ogre!
The ogre is heavily wounded.
The ogre hits you with a +0 giant club!!
Ouch! That really hurt!
* * * LOW HITPOINT WARNING * * *
Unknown command.
You closely miss the ogre.
The ogre is heavily wounded.
The ogre hits you with a +0 giant club.
You die...

#.####.#####.# **≈≈,∩, *,*
#.#####.#### ******,,≈≈≈≈ **,**
#..........#####..,,*,,****
*,,,**#######...........,,*≈≈≈≈≈≈
,,*,,,,,,......#.#####g#,***,,,≈≈
*,,,***,.......#.# *,*,********
**,*****#####..#.# ***,,,,*****,*
*,*,,,**** #..#O# *,,,,,,,,,,,,,
*,*,,,,,,* #..#@#**,*,,,,*******
*,,,,,,,,**#...#.#*,*,****
*,,,,,,,......#*#..,*,******
*,,,,,,,#####.,*,###*,,,,,,*
***,,,*** #,,,** ******,*
****,,,* *,,** *,* ,,,,,,** *,,*
*,* ******* *****,,* *,*
*,,,,,,***********,*


You could see an ogre.

Vanquished Creatures
  A hobgoblin (D:4)
  A quokka (D:3)
  2 ball pythons (D:4)
  A goblin (D:4)
5 creatures vanquished.

Notes
Turn   | Place    | Note
-------+----------+-------------------------------------------
     0 | D:5      | cbfl8 the Minotaur Delver began the quest for the Orb.
     0 | D:5      | Reached XP level 1. HP: 19/19 MP: 0/0
    63 | D:5      | Noticed a killer bee
    76 | D:5      | Noticed a killer bee
    79 | D:5      | Noticed a water moccasin zombie
   963 | D:3      | Noticed an ogre
   975 | D:3      | Slain by an ogre

Illustrated notes

Levels and vault maps discovered:
D:3:      layout_loops_ring, kiku_gazebo_pond_becter, gup_sewer_entry_pipe
D:4:      layout_layer_cave, grunt_temple_overflow_champion_of_chaos,
          temple_pool_b, serial_shops, nicolae_square_shop
D:5:      layout_loops_ring, gammafunk_ghost_hive

Action                   || total
-------------------------++-------
Melee: Hand axe          ||    11
       Headbutt          ||     3
  Use: Scroll            ||     1
Armor: Ring mail         ||     2
Dodge: Dodged            ||     7
